 Dungeon Crawl Stone Soup version 0.28-a0-883-gc8d7bad45d (webtiles) character file.

Game seed: 4556826516905382363

4 croobank the Sneak (level 1, -3/10 HPs)
             Began as a Felid Delver on Nov 21, 2021.
             Slain by an ufetubus (5 damage)
             ... on level 4 of the Dungeon.
             The game lasted 00:02:36 (91 turns).

croobank the Sneak (Felid Delver)                     Turns: 91, Time: 00:02:37

Health: -3/10      AC:  1    Str:  8    XL:     1   Next: 50%
Magic:  2/2        EV: 17    Int: 11    God:
Gold:   17         SH:  0    Dex: 17    Spells: 0/0 levels left
                                        Lives:  0   Deaths: 0

rFire   . . .      SeeInvis +     - Unarmed
rCold   . . .      Faith    .   (shield unavailable)
rNeg    . . .      Spirit   .   (armour unavailable)
rPois   .          Reflect  .   (helmet unavailable)
rElec   .          Harm     .   (cloak unavailable)
rCorr   .          Rampage  .   (gloves unavailable)
Will    .....                   (boots unavailable)
Stlth   ++++......              (no amulet)
HPRegen 0.03/turn               (no ring)
MPRegen 0.08/turn               (no ring)

@: quick
A: very small, claws 1, fangs 3, see invisible, speed 1, shaggy fur 1, stealthy
paws, no weapons or thrown items, no armour, multi-lived
a: no special abilities


You were on level 4 of the Dungeon.
You visited 1 branch of the dungeon, and saw 2 of its levels.

You collected 17 gold pieces.

Inventory:

Wands
 e - a wand of digging (3)
Scrolls
 a - a scroll of fog
Potions
 d - a potion of haste


   Skills:
 + Level 3.0 Fighting
 + Level 2.9 Dodging
 + Level 6.8 Stealth
 + Level 2.0 Unarmed Combat


You couldn't memorise any spells.
You didn't know any spells.
Your spell library was empty.

Dungeon Overview and Level Annotations

Branches:
Dungeon (5/15)
 Temple: D:4-7

Altars:
Hepliaklqana


Innate Abilities, Weirdness & Mutations

You have sharp claws.
You have razor-sharp teeth.
You have supernaturally acute eyesight. (SInv)
You cover ground quickly. (Speed+)
You are covered in fur. (AC +1)
Your paws help you pounce on unaware monsters.
You are incapable of wielding weapons or throwing items.
You cannot wear armour.
You gain extra lives every three experience levels.


Message History

The iguana hisses angrily.
There is a stone staircase leading up here.
You climb upwards.
There is a stone staircase leading down here.
You don't know any spells.
You scratch the goblin.
You kill the goblin!
You see here a +0 dagger.
An orc comes into view. It is wielding a +0 falchion.
The orc moves out of view.
Found 27 bolts.
A goblin comes into view. It is wielding a +0 dagger.
The helpless goblin fails to defend itself.
You mangle the goblin!!
You kill the goblin!
A quokka comes into view.
Found a stone staircase leading down.
You pounce on the unaware helpless quokka!
You claw the quokka!
You kill the quokka!
Press: ? - help, v - describe, . - travel
Here: an orc, wielding a +0 falchion and wearing a +0 chain mail The floor.
An orc is nearby!
You scratch the orc but do no damage. The orc hits you with a +0 falchion.
As you read the scroll of fear, it crumbles to dust.
You assume a fearsome visage.
The orc looks frightened!
An ufetubus comes into view.
A worm comes into view.
A ball python and an orc come into view.
The ufetubus shouts!
The ball python hisses angrily.
You scratch the ufetubus.
The ufetubus is severely wounded.
The ufetubus barely misses you. The ufetubus misses you.
The ufetubus hits you. x2
* * * LOW HITPOINT WARNING * * *
You barely miss the ufetubus.
The ufetubus is severely wounded.
The ufetubus hits you.
Ouch! That really hurt!
You die...

#.## ### ##..# .. #...#
.o ##..## .## . ####....#
#...#.#.##....#
......#.##....##
#........#...###
###.#.@..#.>.#.##
#...5..#..#...#
#.......##.....##
...........#......##
....w...............###
.........#..#.....#...#
..................♣.♣.♣#♣
...............#........#
.....###..♣.....♣


You could see a worm and an ufetubus.

Vanquished Creatures
  2 goblins (D:4)
  A quokka (D:4)
3 creatures vanquished.

Notes
Turn   | Place    | Note
-------+----------+-------------------------------------------
     0 | D:5      | croobank the Felid Delver began the quest for the Orb.
     0 | D:5      | Reached XP level 1. HP: 10/10 MP: 2/2
    18 | D:5      | Found a hazy altar of Hepliaklqana.
    19 | D:5      | Noticed an ogre
    38 | D:5      | Noticed an iguana
    91 | D:4      | Slain by an ufetubus

Illustrated notes

Levels and vault maps discovered:
D:4:      layout_cave_pools, chequers_temple_overflow_minitemple,
          minmay_temple_entry_crystal_x, serial_forest,
          infiniplex_forest_clump_C, infiniplex_forest_lined_room_2,
          infiniplex_forest_corner_2, infiniplex_forest_lined_ring,
          infiniplex_forest_pool, infiniplex_forest_clump_long,
          infiniplex_forest_clump_C, infiniplex_forest_lined_2,
          minmay_misc_feat_square, uniq_grinder
D:5:      layout_rooms, nicolae_hepliaklqana_hazy_memory, slow_altar_2

Action                   || total
-------------------------++-------
Melee: Unarmed           ||     6
  Use: Scroll            ||     2
 Stab: Sleeping          ||     2
Dodge: Dodged            ||     2

Table legend: (Time is in decaauts)
 A = Elapsed time spent in this place.
 B = Non-inter-level travel time spent in this place.
 C = Inter-level travel time spent in this place.
 D = Time resting spent in this place.
 E = Time spent auto-exploring this place.
 F = Levels seen in this place.
 G = Mean time per level.
                   A        B        C        D        E       F      G
               +--------+--------+--------+--------+--------+-----+--------+
         Total |     75 |     75 |      0 |      0 |     17 |   2 |   37.5 |
       Dungeon |     75 |     75 |      0 |      0 |     17 |   2 |   37.5 |
               +--------+--------+--------+--------+--------+-----+--------+

Top non-repeatable levels by time:
     D:4: 37 daAuts
     D:5: 37 daAuts
